EVO
UNIVERSITY OF CALIFORNIA GOLDEN BEARS @ PENNSYLVANIA STATE UNIVERSITY NITTANY LIONS
08/19/2045
 
TOP OF THE 1ST
University of California Golden Bears batting - Pitching for Pennsylvania State University Nittany Lions : RHP Tony Barrios
Pitching: RHP Tony Barrios
Batting: LHB Robert Gonzalez 0-0: Called Strike
0-1: SINGLE (Groundball, 4D, EV 101.2 MPH)
Batting: RHB Jorge Gonzalez 0-0: Fly out, F1 (Line Drive, P, EV 65.0 MPH)
Batting: RHB Chris Christaldi 0-0: Foul Ball, location: 2F
0-1: Ball
1-1: Foul Ball, location: 2F
1-2: Ball
2-2: Foul Ball, location: 2F
2-2: DOUBLE (Flyball, 9LD, EV 102.5 MPH)
Robert Gonzalez to third
Runner from 3rd tries for Home, SAFE, no throw by RF
Batting: RHB Willie Camacho 0-0: Called Strike
0-1: Ball
1-1: Ball
2-1: Fly out, F9 (Flyball, 9, EV 95.6 MPH)
Batting: RHB Ramiro Vega 0-0: Ball
1-0: Ground out 6-3 (Groundball, 56, EV 88.1 MPH)
Top of the 1st over - 1 run, 2 hits, 0 errors, 1 left on base; University of California 1 - Pennsylvania State University 0
BOTTOM OF THE 1ST
Pennsylvania State University Nittany Lions batting - Pitching for University of California Golden Bears : LHP Frank Vazquez
Pitching: LHP Frank Vazquez
Batting: RHB Jose Cerritos 0-0: Ground out U3 (Groundball, 3, EV 82.5 MPH)
Batting: RHB Chris Trites 0-0: Foul Ball, location: 2F
0-1: Ball
1-1: Ball
2-1: Ball
3-1: Foul Ball, location: 2F
3-2: Base on Balls
Batting: RHB Matt Derrien 0-0: Ball
1-0: Ball
2-0: Ball
3-0: Base on Balls
Chris Trites to second
Batting: SHB Noah Long 0-0: Ball
1-0: Foul Ball, location: 2F
1-1: Foul Ball, location: 2F
1-2: SINGLE (Groundball, 6D, EV 96.2 MPH)
Chris Trites to third
Matt Derrien to second
Runner from 3rd tries for Home, SAFE, throw by CF to home
Batting: RHB Alberto Bravo 0-0: Called Strike
0-1: Swinging Strike
0-2: Ball
1-2: Foul Ball, location: 2F
1-2: Ball
2-2: Strikes out swinging
Batting: RHB Jwahir Pili 0-0: Called Strike
0-1: Foul Ball, location: 2F
0-2: Ball
1-2: Strikes out swinging
Bottom of the 1st over - 1 run, 1 hit, 0 errors, 2 left on base; University of California 1 - Pennsylvania State University 1
TOP OF THE 2ND
University of California Golden Bears batting - Pitching for Pennsylvania State University Nittany Lions : RHP Tony Barrios
Batting: SHB J.T. Ready 0-0: Ball
1-0: Swinging Strike
1-1: Foul Ball, location: 2F
1-2: Ball
2-2: Ball
3-2: Strikes out swinging
Batting: RHB Alex Cardenas 0-0: Ball
1-0: Called Strike
1-1: Called Strike
1-2: Foul Ball, location: 2F
1-2: Ball
2-2: Foul Ball, location: 2F
2-2: Strikes out swinging
Batting: LHB Sean Boenig 0-0: Called Strike
0-1: Swinging Strike
0-2: SINGLE (Groundball, 4D, EV 93.8 MPH)
Batting: RHB Dan Orozco 0-0: Ball
1-0: Ball
2-0: Called Strike
2-1: Swinging Strike
2-2: Fly out, F3 (Popup, 3SF, EV 78.1 MPH)
Top of the 2nd over - 0 runs, 1 hit, 0 errors, 1 left on base; University of California 1 - Pennsylvania State University 1
BOTTOM OF THE 2ND
Pennsylvania State University Nittany Lions batting - Pitching for University of California Golden Bears : LHP Frank Vazquez
Batting: RHB Bill Crogan 0-0: Ball
1-0: Called Strike
1-1: Swinging Strike
1-2: Ball
2-2: Ball
3-2: Strikes out swinging
Batting: SHB Jose Melendez 0-0: Foul Ball, location: 2F
0-1: Ball
1-1: Called Strike
1-2: Foul Ball, location: 2F
1-2: Fly out, F9 (Flyball, 89D, EV 86.2 MPH)
Batting: RHB Eddie Morin 0-0: Ball
1-0: Ground out 5-3 (Groundball, 5, EV 88.8 MPH)
Bottom of the 2nd over - 0 runs, 0 hits, 0 errors, 0 left on base; University of California 1 - Pennsylvania State University 1
TOP OF THE 3RD
University of California Golden Bears batting - Pitching for Pennsylvania State University Nittany Lions : RHP Tony Barrios
Batting: LHB Robert Gonzalez 0-0: Swinging Strike
0-1: Ball
1-1: Foul Ball, location: 2F
1-2: Ball
2-2: Foul Ball, location: 2F
2-2: Ground out U3 (Groundball, 3, EV 79.4 MPH)
Batting: RHB Jorge Gonzalez 0-0: Ball
1-0: Called Strike
1-1: Foul Ball, location: 2F
1-2: Foul Ball, location: 2F
1-2: Ball
2-2: Ball
3-2: Foul Ball, location: 2F
3-2: Foul Ball, location: 2F
3-2: Ground out 6-3 (Groundball, 4MS, EV 85.6 MPH)
Batting: RHB Chris Christaldi 0-0: Called Strike
0-1: Ball
1-1: Ball
2-1: Ball
3-1: Foul Ball, location: 2F
3-2: SINGLE (Groundball, 6MD, EV 103.8 MPH)
Batting: RHB Willie Camacho 0-0: Called Strike
0-1: Ball
1-1: SINGLE (Groundball, 6MD, EV 98.8 MPH)
Chris Christaldi to second
Runner from 2nd tries for 3rd, SAFE, throw by CF made at trailing runner, OUT! 8-4
Top of the 3rd over - 0 runs, 2 hits, 0 errors, 1 left on base; University of California 1 - Pennsylvania State University 1
BOTTOM OF THE 3RD
Pennsylvania State University Nittany Lions batting - Pitching for University of California Golden Bears : LHP Frank Vazquez
Batting: RHB Jose Cerritos 0-0: Fly out, F8 (Flyball, 8LS, EV 81.2 MPH)
Batting: RHB Chris Trites 0-0: Ball
1-0: Ball
2-0: Foul Ball, location: 2F
2-1: Ground out 4-3 (Groundball, 4D, EV 100.6 MPH)
Batting: RHB Matt Derrien 0-0: Ball
1-0: Ball
2-0: Foul Ball, location: 2F
2-1: Foul Ball, location: 2F
2-2: Foul Ball, location: 2F
2-2: Ball
3-2: Base on Balls
Batting: SHB Noah Long 0-0: Foul Ball, location: 2F
0-1: Swinging Strike
0-2: Ball
1-2: Ball
2-2: Strikes out swinging
Bottom of the 3rd over - 0 runs, 0 hits, 0 errors, 1 left on base; University of California 1 - Pennsylvania State University 1
TOP OF THE 4TH
University of California Golden Bears batting - Pitching for Pennsylvania State University Nittany Lions : RHP Tony Barrios
Batting: RHB Ramiro Vega 0-0: Called Strike
0-1: Foul Ball, location: 2F
0-2: Ball
1-2: Fly out, F3 (Popup, 3S, EV 77.5 MPH)
Batting: SHB J.T. Ready 0-0: Ball
1-0: Swinging Strike
1-1: Swinging Strike
1-2: SOLO HOME RUN (Flyball, 78XD, EV 105.6 MPH), Distance : 412 ft
Batting: RHB Alex Cardenas 0-0: Called Strike
0-1: Swinging Strike
0-2: Ball
1-2: Ball
2-2: Ball
3-2: Hit by Pitch, AND HE CHARGES THE MOUND! The benches clear!
Pitching: RHP Jalen Hill
Pinch Runner at 1st Carlos Gonzalez:
Batting: LHB Sean Boenig 0-0: Ball
1-0: Fly out, F9 (Flyball, 9, EV 91.9 MPH)
Batting: RHB Dan Orozco 0-0: Called Strike
0-1: SINGLE (Groundball, 4MD, EV 95.0 MPH)
Carlos Gonzalez to second
Runner from 2nd tries for 3rd, SAFE, throw by CF made to third
Batting: LHB Robert Gonzalez 0-0: Ball
1-0: Ball
2-0: Foul Ball, location: 2F
2-1: Ground out 4-3 (Groundball, 4, EV 82.5 MPH)
Top of the 4th over - 1 run, 2 hits, 0 errors, 2 left on base; University of California 2 - Pennsylvania State University 1
BOTTOM OF THE 4TH
Pennsylvania State University Nittany Lions batting - Pitching for University of California Golden Bears : LHP Frank Vazquez
Now at 3B: Carlos Gonzalez
Batting: RHB Alberto Bravo 0-0: Ball
1-0: Swinging Strike
1-1: Foul Ball, location: 2F
1-2: Foul Ball, location: 2F
1-2: SINGLE (Groundball, 25, EV 71.2 MPH) (infield hit)
Batting: RHB Jwahir Pili 0-0: Foul Ball, location: 2F
0-1: Ball
1-1: Swinging Strike
1-2: Ball
2-2: Ball
Wild Pitch!
Alberto Bravo to second
3-2: Foul Ball, location: 2F
3-2: Foul Ball, location: 2F
3-2: SINGLE (Line Drive, 9S, EV 100.6 MPH)
Alberto Bravo to third
Batting: RHB Bill Crogan 0-0: Called Strike
0-1: Ball
1-1: Ball
2-1: Called Strike
2-2: Ball
3-2: Strikes out swinging
Batting: SHB Jose Melendez 0-0: Ball
1-0: Ball
2-0: Foul Ball, location: 2F
2-1: Ball
3-1: Base on Balls
Jwahir Pili to second
Pitching: LHP Juan Hernandez
Batting: RHB Eddie Morin 0-0: Called Strike
0-1: Ball
1-1: Fly out, F4 (Line Drive, 4, EV 71.2 MPH)
Batting: RHB Jose Cerritos 0-0: Ball
1-0: Foul Ball, location: 5F, Error on foul ball, E5
1-1: Called Strike
1-2: Fly out, F9 (Flyball, 89S, EV 81.9 MPH)
Bottom of the 4th over - 0 runs, 2 hits, 1 error, 3 left on base; University of California 2 - Pennsylvania State University 1
TOP OF THE 5TH
University of California Golden Bears batting - Pitching for Pennsylvania State University Nittany Lions : RHP Jalen Hill
Batting: RHB Jorge Gonzalez 0-0: Ball
1-0: SINGLE (Groundball, 5S, EV 73.1 MPH) (infield hit)
Batting: RHB Chris Christaldi 0-0: Ball
1-0: Ball
2-0: Ball
3-0: Called Strike
3-1: Base on Balls
Jorge Gonzalez to second
Batting: RHB Willie Camacho 0-0: Ball
1-0: Ball
2-0: Called Strike
2-1: Ball
3-1: Base on Balls
Jorge Gonzalez to third
Chris Christaldi to second
Batting: RHB Ramiro Vega 0-0: Called Strike
0-1: Called Strike
0-2: Grounds into double play, 5-4-3 (Groundball, 5, EV 84.4 MPH)
Jorge Gonzalez scores
Chris Christaldi to third
Batting: SHB J.T. Ready 0-0: Foul Ball, location: 2F
0-1: Swinging Strike
0-2: Ball
1-2: Foul Ball, location: 2F
1-2: Ball
2-2: SINGLE (Line Drive, 78S, EV 100.6 MPH)
Chris Christaldi scores
Batting: RHB Carlos Gonzalez 0-0: Swinging Strike
0-1: Ground out 6-3 (Groundball, 6MD, EV 84.4 MPH)
Top of the 5th over - 2 runs, 2 hits, 0 errors, 1 left on base; University of California 4 - Pennsylvania State University 1
BOTTOM OF THE 5TH
Pennsylvania State University Nittany Lions batting - Pitching for University of California Golden Bears : LHP Juan Hernandez
Batting: RHB Chris Trites 0-0: Ball
1-0: Ground out 4-3 (Groundball, 4S, EV 82.5 MPH)
Batting: RHB Matt Derrien 0-0: Reached on error, E8 (Flyball, 8LM, EV 96.9 MPH)
Batting: SHB Noah Long 0-0: Ball
1-0: Foul Ball, location: 2F
1-1: SINGLE (Line Drive, 9S, EV 105.0 MPH)
Matt Derrien to second
Batting: RHB Alberto Bravo 0-0: SINGLE (Groundball, 4MS, EV 71.9 MPH) (infield hit)
Matt Derrien to third
Noah Long to second
Batting: RHB Jwahir Pili 0-0: Ball
1-0: Ball
2-0: Foul Ball, location: 2F
2-1: Ball
3-1: Foul Ball, location: 2F
3-2: Foul Ball, location: 2F
3-2: Fly out, F5 (Line Drive, 5, EV 69.4 MPH)
Batting: RHB Bill Crogan 0-0: Ball
1-0: Ball
2-0: Ball
3-0: Called Strike
3-1: Called Strike
3-2: Ground out U3 (Groundball, 34, EV 103.8 MPH)
Bottom of the 5th over - 0 runs, 2 hits, 1 error, 3 left on base; University of California 4 - Pennsylvania State University 1
TOP OF THE 6TH
University of California Golden Bears batting - Pitching for Pennsylvania State University Nittany Lions : RHP Jalen Hill
Batting: LHB Sean Boenig 0-0: Ball
1-0: Ball
2-0: Swinging Strike
2-1: Foul Ball, location: 2F
2-2: Strikes out swinging
Batting: RHB Dan Orozco 0-0: Ball
1-0: Ball
2-0: Ball
3-0: Base on Balls
Pitching: RHP Robbie Schoen
Batting: LHB Robert Gonzalez 0-0: Fly out, F8 (Flyball, 8LM, EV 90.0 MPH)
Batting: RHB Jorge Gonzalez 0-0: Fly out, F7 (Line Drive, 7, EV 97.5 MPH)
Top of the 6th over - 0 runs, 0 hits, 0 errors, 1 left on base; University of California 4 - Pennsylvania State University 1
BOTTOM OF THE 6TH
Pennsylvania State University Nittany Lions batting - Pitching for University of California Golden Bears : LHP Juan Hernandez
Batting: SHB Jose Melendez 0-0: Swinging Strike
0-1: Swinging Strike
0-2: Foul Ball, location: 2F
0-2: Fly out, F7 (Flyball, 7, EV 93.8 MPH)
Batting: RHB Eddie Morin 0-0: Foul Ball, location: 2F
0-1: Ground out 5-3 (Groundball, 56S, EV 85.0 MPH)
Batting: RHB Jose Cerritos 0-0: Called Strike
0-1: Fly out, F9 (Flyball, 89D, EV 98.1 MPH)
Bottom of the 6th over - 0 runs, 0 hits, 0 errors, 0 left on base; University of California 4 - Pennsylvania State University 1
TOP OF THE 7TH
University of California Golden Bears batting - Pitching for Pennsylvania State University Nittany Lions : RHP Robbie Schoen
Batting: RHB Chris Christaldi 0-0: Ball
1-0: Swinging Strike
1-1: Foul Ball, location: 2F
1-2: Ball
2-2: Strikes out swinging
Pitching: RHP Itsuki Eguchi
Batting: RHB Willie Camacho 0-0: Ball
1-0: Ball
2-0: Ball
3-0: Called Strike
3-1: Foul Ball, location: 2F
3-2: Foul Ball, location: 2F
3-2: Ground out 4-3 (Groundball, 4, EV 90.6 MPH)
Batting: RHB Ramiro Vega 0-0: Ball
1-0: Ground out 6-3 (Groundball, 6, EV 110.6 MPH)
Top of the 7th over - 0 runs, 0 hits, 0 errors, 0 left on base; University of California 4 - Pennsylvania State University 1
BOTTOM OF THE 7TH
Pennsylvania State University Nittany Lions batting - Pitching for University of California Golden Bears : LHP Juan Hernandez
Pitching: RHP Dave Brandon
Batting: RHB Chris Trites 0-0: Ball
1-0: Foul Ball, location: 2F
1-1: Called Strike
1-2: Foul Ball, location: 2F
1-2: Foul Ball, location: 2F
1-2: TRIPLE (Flyball, 8LXD, EV 90.6 MPH)
Batting: RHB Matt Derrien 0-0: Ground out 5-3 (Groundball, 56, EV 111.9 MPH)
Chris Trites scores
Batting: SHB Noah Long 0-0: Ball
1-0: Called Strike
1-1: Ball
2-1: Foul Ball, location: 2F
2-2: Ball
3-2: Ground out 4-3 (Groundball, 4, EV 83.1 MPH)
Batting: RHB Alberto Bravo 0-0: SINGLE (Line Drive, 8LM, EV 88.1 MPH)
Batting: RHB Jwahir Pili 0-0: Ball
1-0: Ball
2-0: Ball
3-0: Called Strike
3-1: Foul Ball, location: 2F
3-2: Base on Balls
Alberto Bravo to second
Batting: RHB Bill Crogan 0-0: Swinging Strike
0-1: Foul Ball, location: 2F
0-2: Ball
1-2: Ball
2-2: Ball
3-2: Fly out, F9 (Flyball, 89S, EV 88.8 MPH)
Bottom of the 7th over - 1 run, 2 hits, 0 errors, 2 left on base; University of California 4 - Pennsylvania State University 2
TOP OF THE 8TH
University of California Golden Bears batting - Pitching for Pennsylvania State University Nittany Lions : RHP Itsuki Eguchi
Batting: SHB J.T. Ready 0-0: Called Strike
0-1: Called Strike
0-2: Fly out, F8 (Flyball, 8LS, EV 80.0 MPH)
Batting: RHB Carlos Gonzalez 0-0: Swinging Strike
0-1: Called Strike
0-2: Ball
1-2: Strikes out swinging
Batting: LHB Sean Boenig 0-0: Bunted foul
0-1: Hit by Pitch
Batting: RHB Dan Orozco 0-0: Ball
Sean Boenig steals 2nd base
1-0: SINGLE (Groundball, 56D, EV 99.4 MPH)
Sean Boenig to third
Runner from 3rd tries for Home, SAFE, throw by LF to home
Batting: LHB Robert Gonzalez 0-0: Called Strike
0-1: Fielders Choice at 2nd, 6-4 (Groundball, 6, EV 84.4 MPH)
Top of the 8th over - 1 run, 1 hit, 0 errors, 1 left on base; University of California 5 - Pennsylvania State University 2
BOTTOM OF THE 8TH
Pennsylvania State University Nittany Lions batting - Pitching for University of California Golden Bears : RHP Dave Brandon
Pitching: RHP Tucker Perillo
Batting: SHB Jose Melendez 0-0: Called Strike
0-1: Swinging Strike
0-2: Foul Ball, location: 2F
0-2: Ball
1-2: Ball
2-2: Strikes out swinging
Batting: RHB Eddie Morin 0-0: Called Strike
0-1: Called Strike
0-2: Ball
1-2: Ball
2-2: Fly out, F7 (Flyball, 7, EV 89.4 MPH)
Batting: RHB Jose Cerritos 0-0: Ground out 5-3 (Groundball, 56, EV 93.8 MPH)
Bottom of the 8th over - 0 runs, 0 hits, 0 errors, 0 left on base; University of California 5 - Pennsylvania State University 2
TOP OF THE 9TH
University of California Golden Bears batting - Pitching for Pennsylvania State University Nittany Lions : RHP Itsuki Eguchi
Batting: RHB Jorge Gonzalez 0-0: Ground out 6-3 (Groundball, 6, EV 83.1 MPH)
Batting: RHB Chris Christaldi 0-0: Ball
1-0: Called Strike
1-1: Ball
2-1: Foul Ball, location: 2F
2-2: Foul Ball, location: 2F
2-2: Ball
3-2: Foul Ball, location: 2F
3-2: Foul Ball, location: 2F
3-2: Fly out, F9 (Flyball, 9, EV 81.9 MPH)
Batting: RHB Willie Camacho 0-0: Ball
1-0: Ball
2-0: Called Strike
2-1: Ball
3-1: Called Strike
3-2: Foul Ball, location: 2F
3-2: Foul Ball, location: 2F
3-2: Base on Balls
Pitching: LHP Heriberto Flores
Batting: RHB Ramiro Vega 0-0: Ball
1-0: Fly out, F7 (Flyball, 78D, EV 99.4 MPH)
Top of the 9th over - 0 runs, 0 hits, 0 errors, 1 left on base; University of California 5 - Pennsylvania State University 2
BOTTOM OF THE 9TH
Pennsylvania State University Nittany Lions batting - Pitching for University of California Golden Bears : RHP Tucker Perillo
Pitching: LHP James Reynolds
Batting: RHB Chris Trites 0-0: Ball
1-0: Called Strike
1-1: Ball
2-1: Ball
3-1: Base on Balls
Pinch Hitting: RHB Scott Talbot 0-0: Called Strike
0-1: Hit by Pitch
Chris Trites to second
Batting: SHB Noah Long 0-0: Called Strike
0-1: Fielders Choice at 2nd, 5-4 (Groundball, 56, EV 95.0 MPH)
Chris Trites to third
Batting: RHB Alberto Bravo 0-0: Called Strike
0-1: Ball
1-1: Foul Ball, location: 2F
1-2: Strikes out swinging
Batting: RHB Jwahir Pili 0-0: Ball
1-0: Ball
2-0: Fly out, F9 (Flyball, 89S, EV 81.9 MPH)
Bottom of the 9th over - 0 runs, 0 hits, 0 errors, 2 left on base; University of California 5 - Pennsylvania State University 2
Wednesday, June 22nd , 2022 - OOTP Baseball 23.4 Build 64